 Dungeon Crawl Stone Soup version 0.31-a0-149-g3fdcc5976a (webtiles) character file.

Game seed: 5671782430607529057

365 greynaab the Cudgeller (level 6, 0/38 HPs)
             Began as a Gargoyle Transmuter on June 7, 2023.
             Slain by a gnoll
             ... wielding a +0 flail
              (6 damage)
             ... on level 3 of the Dungeon.
             The game lasted 00:07:22 (2658 turns).

greynaab the Cudgeller (Gargoyle Transmuter)        Turns: 2658, Time: 00:07:23

Health: 0/38       AC: 10    Str: 13    XL:     6   Next: 68%
Magic:  9/9        EV: 10    Int: 16    God:
Gold:   96         SH:  4    Dex: 10    Spells: 8/9 levels left

rFire   . . .        m - +2 spear (venom)
rCold   . . .        o - +0 buckler
rNeg    + . .        h - +0 ring mail
rPois   ∞            (no helmet)
rElec   +            g - +0 cloak
rCorr   .            (no gloves)
SInv    .            (no boots)
Will    .....        (no amulet) Stlth
                     (no ring)
HPRegen 0.26/turn    (no ring)
MPRegen 0.11/turn

%: no passive effects
@: no status effects
A: sickness immunity, AC +4, negative energy resistance 1, electricity
resistance, torment resistance 1, petrification resistance
a: no special abilities


You were on level 3 of the Dungeon.
You visited 1 branch of the dungeon, and saw 3 of its levels.

You collected 96 gold pieces.

Inventory:

Hand Weapons
 b - a +0 sling
 e - a +0 flail
 m - a +2 spear of venom (weapon)
Missiles
 c - 44 stones
 j - 13 poisoned darts (quivered)
Armour
 a - a +0 scale mail
 d - a +0 robe
 g - a +0 cloak (worn)
 h - a +0 ring mail (worn)
 o - a +0 buckler (worn)
Wands
 i - a wand of charming (4)
Scrolls
 f - a scroll of brand weapon
 k - 2 scrolls of teleportation {unknown}
 l - a scroll of identify
 n - a scroll of amnesia
 p - a scroll of enchant weapon


   Skills:
 + Level 4.1 Fighting
 * Level 4.5 Maces & Flails
 - Level 1.5 Dodging
 + Level 2.5 Shields
 - Level 3.0 Unarmed Combat
 - Level 2.0 Spellcasting
 - Level 1.5 Transmutations


You had 8 spell levels left.
You knew the following spells:

 Your Spells              Type           Power      Damage    Failure   Level
a - Beastly Appendage     Tmut           12%        N/A       32%         1

Your spell library contained the following spells:

 Spells                   Type           Power      Damage    Failure   Level
 Wereblood                Tmut           6%         N/A       45%         2
 Spider Form              Tmut/Pois      4%         N/A       80%         3
 Ice Form                 Ice/Tmut       4%         N/A       99%         4


Dungeon Overview and Level Annotations

Branches:
Dungeon (3/15) Zot: 15316

Altars:


Innate Abilities, Weirdness & Mutations

You are immune to sickness and miasma.
Your stone body is resilient. (AC +4)
You are immune to poison.
You resist negative energy. (rN+)
You are resistant to electric shocks. (rElec)
You are resistant to unholy torment.
You are immune to petrification.


Message History

You are too injured to fight recklessly!
You are too injured to fight recklessly!
You are too injured to fight recklessly!
You are too injured to fight recklessly!
You are too injured to fight recklessly!
You hit the gnoll.
You kill the gnoll!
The gnoll hits you but does no damage.
You barely miss the orc.
The gnoll hits you from afar with a +0 spear.
The orc barely misses you.
You hit the orc but do no damage.
The orc is poisoned.
The gnoll hits you from afar with a +0 spear.
The orc closely misses you.
You hit the orc.
The orc looks as sick as possible!
The orc is severely wounded.
You kill the orc!
The gnoll hits you but does no damage. x2
Items here: ))) [[ ††.
You hit the gnoll.
The gnoll is heavily wounded.
The gnoll hits you with a +0 spear. You block the gnoll's attack.
You hit the gnoll but do no damage.
The gnoll is heavily wounded.
The gnoll closely misses you. You block the gnoll's attack.
You hit the gnoll.
The gnoll is almost dead.
You block the gnoll's attack. The gnoll hits you with a +0 flail.
You closely miss the gnoll.
The gnoll is almost dead.
The gnoll hits you with a +0 spear.
* * * LOW HITPOINT WARNING * * *
The gnoll hits you with a +0 flail.
* * * LOW HITPOINT WARNING * * *
You hit the gnoll.
The gnoll is poisoned.
The gnoll is almost dead.
The gnoll hits you with a +0 spear.
* * * LOW HITPOINT WARNING * * *
The gnoll hits you with a +0 flail.
You die...

#.# ######### #.#.# #.
#.#.# #.#)# #.#.#
#.#.# #.#.# ##.#.#
############....#
#g@.............#
#g##########...## #)#
........)##### ...
.........).... ~~~~~
≈~~~~~≈~≈~~...
~≈≈≈≈≈≈≈~≈≈~≈≈≈~≈~...
~~~~~~~~~~≈~#####≈~...
.............#og
#≈~... ''###########
#.g #≈~...


You could see 2 gnolls.

Vanquished Creatures
  Sigmund (D:2)
  A howler monkey (D:3)
  An orc priest (D:3)
  An adder (D:3)
  7 gnolls
  A worm (D:2)
  2 dart slugs
  11 orcs (D:3)
  7 ball pythons
  2 bats (D:2)
  3 endoplasms
  3 giant cockroaches
  3 goblins
  2 hobgoblins (D:2)
  3 jackals (D:3)
  3 frilled lizards
  7 kobolds
  4 rats
62 creatures vanquished.

Notes
Turn   | Place    | Note
-------+----------+-------------------------------------------
     0 | D:1      | greynaab the Gargoyle Transmuter began the quest for the
                  | Orb.
     0 | D:1      | Reached XP level 1. HP: 12/12 MP: 3/3
   195 | D:1      | Reached XP level 2. HP: 15/17 MP: 3/5
   525 | D:1      | Reached skill level 1 in Maces & Flails
  1021 | D:2      | Reached XP level 3. HP: 21/22 MP: 4/6
  1234 | D:2      | Reached XP level 4. HP: 9/27 MP: 7/7
  1538 | D:2      | Noticed Sigmund
  1556 | D:2      | Killed Sigmund
  1557 | D:2      | Reached skill level 1 in Shields
  1557 | D:2      | Reached XP level 5. HP: 13/33 MP: 8/8
  1786 | D:2      | Reached XP level 6. HP: 38/38 MP: 9/9
  2658 | D:3      | Slain by a gnoll

Illustrated notes

Levels and vault maps discovered:
D:1:      minmay_arrival_shattered_statue, layout_loops_ring,
          minmay_misc_feat_square
D:2:      layout_basic, uniq_sigmund
D:3:      lemuel_castle_with_subvaults [lemuel_castle_interior_carwin_2],
          layout_loops_ring, uniq_grinder

Skill      XL: |  1  2  3  4  5  6 |
---------------+-------------------+-----
Fighting       | 2 3 4 |  4.1
Maces & Flails | 1 2 3 4 |  4.5
Shields        | 1 2 |  2.5
Dodging        | |  1.5
Unarmed Combat | |  3.0
Spellcasting   | |  2.0
Transmutations | |  1.5

Action                     |  1- 3 |  4- 6 || total
---------------------------+-------+-------++-------
  Melee: Unarmed           |     9 |       ||     9
         Mace              |    68 |    13 ||    81
         Headbutt          |    11 |       ||    11
         Kick              |    10 |       ||    10
         Spear             |       |   103 ||   103
   Fire: Sling             |     5 |       ||     5
  Throw: Dart              |     3 |     1 ||     4
   Cast: Beastly Appendage |    18 |       ||    18
  Evoke: Wand              |       |     2 ||     2
    Use: Potion            |     1 |     3 ||     4
         Scroll            |       |     3 ||     3
   Stab: Sleeping          |     2 |       ||     2
 Armour: Robe              |    22 |     2 ||    24
         Skin              |    13 |    12 ||    25
         Ring mail         |       |    41 ||    41
  Dodge: Dodged            |    47 |    38 ||    85
  Block: Buckler           |       |    19 ||    19

Table legend: (Time is in decaauts)
 A = Elapsed time spent in this place.
 B = Non-inter-level travel time spent in this place.
 C = Inter-level travel time spent in this place.
 D = Time resting spent in this place.
 E = Time spent auto-exploring this place.
 F = Levels seen in this place.
 G = Mean time per level.
                   A        B        C        D        E       F      G
               +--------+--------+--------+--------+--------+-----+--------+
         Total |   2682 |   2574 |    108 |    276 |   1721 |   3 |  894.0 |
       Dungeon |   2682 |   2574 |    108 |    276 |   1721 |   3 |  894.0 |
               +--------+--------+--------+--------+--------+-----+--------+

Top non-repeatable levels by time:
     D:2: 1249 daAuts
     D:1: 859 daAuts
     D:3: 572 daAuts
